 Dungeon Crawl Stone Soup version 0.23.0-3-gf3c87f2df8 (webtiles) character file.

Game seed: 5947690218450844989

15508 Forgol the Basher (level 12, 0/77 HPs)
             Began as a Gargoyle Fighter on Feb 25, 2019.
             Was a Priest of Trog.
             Slain by a catoblepas (15 damage)
             ... on level 3 of the Lair of Beasts.
             The game lasted 00:33:59 (12640 turns).

Forgol the Basher (Gargoyle Fighter)               Turns: 12640, Time: 00:34:01

Health: 0/77       AC: 37    Str: 25    XL:     12   Next: 27%
Magic:  12/12      EV:  6    Int:  9    God:    Trog [***...]
Gold:   593        SH: 12    Dex:  9    Spells: 11/11 levels left

rFire    . . .     SeeInvis .   p - +2 flail (holy)
rCold    . . .     Gourm    .   c - +0 shield
rNeg     + . .     Faith    .   q - +4 plate armour
rPois    ∞         Spirit   .   F - +2 helmet
rElec    +         Reflect  .   G - +0 cloak
rCorr    .         Harm     .   l - +0 pair of gloves
MR       .....                  (no boots)
Stlth    ..........             (no amulet)
HPRegen  0.22/turn              n - ring of stealth
MPRegen  0.13/turn              J - +4 ring of protection

@: about to teleport, berserk cooldown, mesmerised, slowed, very slow
A: negative energy resistance 1, electricity resistance, unbreathing,
petrification resistance, rot immunity, AC +8
a: Berserk, Trog's Hand, Renounce Religion


You were on level 3 of the Lair of Beasts.
You worshipped Trog.
Trog was most pleased with you.
You were not hungry.

You visited 3 branches of the dungeon, and saw 13 of its levels.
You also visited: Ossuary.

You collected 593 gold pieces.

Inventory:

Hand Weapons
 a - a +3 flail
 p - a +2 flail of holy wrath (weapon)
 E - a +8 quarterstaff of protection
Missiles
 o - 9 tomahawks (quivered)
Armour
 c - a +0 shield (worn)
 l - a +0 pair of gloves (worn)
 q - a +4 plate armour (worn)
 F - a +2 helmet (worn)
 G - a +0 cloak (worn)
Jewellery
 n - a ring of stealth (left hand)
 J - a +4 ring of protection (right hand)
Wands
 g - a wand of digging (7)
 y - a wand of paralysis (11)
 B - a wand of disintegration (46)
 C - a wand of iceblast (7)
Scrolls
 e - 2 scrolls of immolation
 h - 4 scrolls of remove curse
 i - 12 scrolls of identify
 r - 5 scrolls of teleportation
 u - a scroll of magic mapping
 v - a scroll of fog {unknown}
Potions
 b - 2 potions of lignification
 d - 3 potions of magic
 j - 4 potions of might
 k - 3 potions of curing
 m - 2 potions of ambrosia
 s - a potion of agility
 t - a potion of invisibility
 w - 4 potions of heal wounds
 x - a potion of brilliance
 z - a potion of flight
 A - 2 potions of mutation
 D - a potion of cancellation {unknown}
Miscellaneous
 H - a phantom mirror
Comestibles
 f - 26 rations


   Skills:
 + Level 10.2 Fighting
 * Level 12.4 Maces & Flails
 + Level 10.2 Armour
 + Level 10.2 Shields


You had 11 spell levels left.
You didn't know any spells.
Your spell library was empty.

Dungeon Overview and Level Annotations

Branches:
Dungeon (9/15)             Temple (1/1) D:6            Lair (3/6) D:8
  Swamp: Lair:2-4    Shoals: Lair:2-4     Snake: Lair:2-4    Spider: Lair:2-4
    Orc: D:9-12

Altars:
Ashenzari
Cheibriados
Dithmenos
Elyvilon
Fedhas
Gozag
Hepliaklqana
Kikubaaqudgha
Makhleb
Nemelex Xobeh
Okawaru
Qazlal
Ru
Sif Muna
Trog
Uskayaw
Vehumet
Wu Jian
Xom
Yredelemnul
Zin
The Shining One

Shops:
D:2 *

Annotations:
D:6 2 transporters, Mandevil's ghost, novice MfWz


Innate Abilities, Weirdness & Mutations

You are resistant to torment.
Your stone body is resilient. (AC +8)
You are immune to poison.
You resist negative energy. (rN+)
You are resistant to electric shocks. (rElec)
You can survive without breathing.
You are immune to petrification.
You are immune to rotting.


Message History

The catoblepas gores you! You block the elephant's attack.
The elephant trunk-slaps you but does no damage.
You hit the catoblepas but do no damage.
The catoblepas is heavily wounded.
The iguana stops moving altogether!
The wolf bites you but does no damage. x2
The merfolk siren chants a haunting song.
You are mesmerised by the merfolk siren!
The wolf closely misses you. The catoblepas gores you!
* * * LOW HITPOINT WARNING * * *
You block the wolf's attack.
The elephant tramples you but does no damage.
The elephant completely misses you.
You hit the catoblepas.
The catoblepas is heavily wounded.
You block the wolf's attack. The wolf bites you.
* * * LOW HITPOINT WARNING * * *
The blink frog blinks!
The merfolk siren chants its luring song.
The catoblepas gores you!
You die...

P........... ...[........
............ . ............ ..
#P#..P###P.. ###........l
###..#### ...# #####........l.
........# ...# #FlF........#.
#.......# ...###hlm##...Y..l
##......##...P##@YhY#l..§Yl
##...........# #hYYlYF..§.#
.............# #######...h##
#......<#....#####.###.Y..F#
#............##.#..#PP....##
###..##..#...............t#
#.#..###.............F...##
..............................
#.#####.#.###.##.##.####.#####


You could see a catoblepas, 4 elephants, a merfolk siren, 3 blink frogs, 3
wolves and 3 iguanas.

Vanquished Creatures
  Erolcha (D:9)
  Harold (D:9)
  A hydra (Lair:2)
  A two-headed ogre (D:9)
  A death yak (Lair:2)
  Joseph (D:7)
  A black mamba (Lair:1)
  2 centaur skeletons
  2 rime drakes
  4 spiny frogs
  2 trolls (D:9)
  A polar bear (Lair:2)
  Prince Ribbit (D:9)
  3 blink frogs (Lair:1)
  9 yaks
  2 basilisks
  Menkaure (D:5)
  Duvessa (D:6)
  7 porcupines
  5 water moccasins
  2 orc warriors
  3 black bears
  A necrophage (D:9)
  An ice beast (D:6)
  2 sky beasts
  9 ogres
  2 phantoms
  3 wolves
  2 centaurs (D:6)
  7 crocodiles
  Blork the orc (D:5)
  4 bullfrogs
  A wyvern zombie (D:3)
  Dowan (D:6)
  5 scorpions
  4 killer bees (D:9)
  3 howler monkeys
  3 crimson imps
  A bullfrog zombie (D:6)
  A quasit (D:6)
  7 hounds
  4 orc priests
  Ijyb (D:4)
  5 iguanas
  5 orc wizards
  5 worker ants
  4 mummies (Ossuary)
  A worker ant zombie (D:6)
  Robin (D:4)
  6 gnolls
  A howler monkey skeleton (D:6)
  16 adders
  3 shadow imps
  2 oozes (D:2)
  An adder skeleton (D:9)
  5 worms
  5 dart slugs
  5 leopard geckos
  41 orcs
  4 giant cockroaches
  31 goblins
  14 hobgoblins
  19 jackals
  17 kobolds
  5 quokkas
  3 bats
  2 frilled lizards
  2 gnoll skeletons (Ossuary)
  5 gnoll zombies (Ossuary)
  2 goblin skeletons (Ossuary)
  6 goblin zombies (Ossuary)
  3 hobgoblin skeletons (Ossuary)
  3 hobgoblin zombies (Ossuary)
  A jackal skeleton (D:4)
  7 kobold skeletons (Ossuary)
  3 kobold zombies (Ossuary)
  5 orc skeletons (Ossuary)
  4 orc zombies (Ossuary)
  8 rats
  4 rat skeletons (Ossuary)
  3 rat zombies (Ossuary)
372 creatures vanquished.

Vanquished Creatures (collateral kills)
  A rime drake (Lair:2)
1 creature vanquished.

Vanquished Creatures (others)
  A hobgoblin skeleton (Ossuary)
  A kobold skeleton (Ossuary)
  An orc zombie (Ossuary)
  2 fungi (Lair:3)
  A plant (Lair:3)
  A withered plant (D:7)
7 creatures vanquished.

Grand Total: 380 creatures vanquished

Notes
Turn   | Place    | Note
-------+----------+-------------------------------------------
     0 | D:1      | Forgol the Gargoyle Fighter began the quest for the Orb.
     0 | D:1      | Reached XP level 1. HP: 14/14 MP: 1/1
   139 | D:1      | Reached XP level 2. HP: 19/19 MP: 2/2
   559 | D:1      | Reached XP level 3. HP: 23/23 MP: 3/3
   772 | D:2      | Found an opulent altar of Gozag.
   779 | D:2      | Found Gozag's Platinum Reserve.
   932 | D:2      | Found an ornate altar of the Wu Jian Council.
   979 | D:2      | Reached skill level 3 in Maces & Flails
   979 | D:2      | Reached XP level 4. HP: 23/29 MP: 4/4
  1213 | D:2      | Found a snail-covered altar of Cheibriados.
  1405 | D:3      | Noticed an ogre
  1414 | D:3      | Killed an ogre
  1414 | D:3      | Reached XP level 5. HP: 33/33 MP: 5/5
  1426 | D:3      | Reached skill level 4 in Maces & Flails
  1426 | D:3      | Reached XP level 6. HP: 25/39 MP: 6/6
  1527 | D:3      | Found a shadowy altar of Dithmenos.
  2342 | D:3      | Found a basalt altar of Yredelemnul.
  2393 | D:3      | Found a faded altar of an unknown god.
  2665 | D:4      | Noticed Ijyb
  2693 | D:4      | Killed Ijyb
  2693 | D:4      | Reached XP level 7. HP: 43/44 MP: 7/7
  2766 | D:4      | Reached skill level 5 in Maces & Flails
  2858 | D:4      | Noticed Robin
  2871 | D:4      | Killed Robin
  2921 | D:4      | Reached skill level 5 in Fighting
  2921 | D:4      | Reached skill level 5 in Armour
  2921 | D:4      | Reached skill level 5 in Shields
  4094 | D:5      | Entered Level 5 of the Dungeon
  4155 | D:5      | Noticed Blork the orc
  4177 | D:5      | Killed Blork the orc
  4177 | D:5      | Reached XP level 8. HP: 27/50 MP: 8/8
  4255 | D:5      | Reached skill level 6 in Maces & Flails
  4262 | D:5      | Noticed Menkaure
  4274 | D:5      | Killed Menkaure
  4412 | D:5      | Found a shattered altar of Ashenzari.
  4456 | D:5      | Found a sand-covered staircase.
  4463 | Ossuary  | Entered an ossuary
  5141 | D:5      | Got a pair of ancient gloves
  5152 | D:5      | Identified the cursed -5 pair of gloves "Jim Ciff" {Int+4}
                  | (You found it on level 5 of the Dungeon)
  5366 | D:6      | Reached skill level 7 in Maces & Flails
  5405 | D:6      | Reached XP level 9. HP: 30/56 MP: 9/9
  5561 | D:6      | Noticed Dowan
  5563 | D:6      | Noticed Duvessa
  5584 | D:6      | Killed Duvessa
  5595 | D:6      | Killed Dowan
  5829 | D:6      | Found a transporter.
  5832 | D:6      | Noticed Mandevil's ghost (novice MfWz)
  5834 | D:6      | Identified the +1 great mace "Tydickos" {crush, rN++}
  5834 | D:6      | Noticed a two-headed ogre
  5842 | D:6      | Found a transporter.
  5889 | D:6      | Found a staircase to the Ecumenical Temple.
  5899 | Temple   | Entered the Ecumenical Temple
  5951 | Temple   | Became a worshipper of Trog the Wrathful
  6053 | D:6      | Reached skill level 8 in Maces & Flails
  6584 | D:7      | Noticed Joseph
  6922 | D:7      | Reached skill level 9 in Maces & Flails
  6922 | D:7      | Reached XP level 10. HP: 63/63 MP: 10/10
  7096 | D:7      | Found an iron altar of Okawaru.
  7128 | D:7      | Found a sparkling altar of Nemelex Xobeh.
  7156 | D:7      | Reached * piety under Trog
  7198 | D:7      | Found a shimmering altar of Xom.
  7199 | D:7      | Found a deep blue altar of Sif Muna.
  7199 | D:7      | Found a white marble altar of Elyvilon.
  7228 | D:7      | Found a blossoming altar of Fedhas.
  7353 | D:7      | Found an ancient bone altar of Kikubaaqudgha.
  7695 | D:7      | Killed Joseph
  7967 | D:8      | Found a staircase to the Lair.
  8288 | D:8      | Noticed an orange demon
  8290 | D:8      | Noticed an orange demon
  8319 | D:8      | Reached skill level 10 in Maces & Flails
  8484 | D:8      | Found a shadowy altar of Dithmenos.
  8499 | D:8      | Reached ** piety under Trog
  8709 | D:8      | Noticed an orange demon
  8730 | D:8      | Found a burning altar of Makhleb.
  9060 | D:9      | Noticed Harold
  9079 | D:9      | Killed Harold
  9079 | D:9      | Reached XP level 11. HP: 59/69 MP: 11/11
  9217 | D:9      | Found a glowing silver altar of Zin.
  9367 | D:9      | Noticed Prince Ribbit
  9379 | D:9      | Killed Prince Ribbit
  9396 | D:9      | Noticed a two-headed ogre
  9412 | D:9      | Killed a two-headed ogre
  9412 | D:9      | Reached skill level 11 in Maces & Flails
  9446 | D:9      | Noticed Erolcha
  9464 | D:9      | Killed Erolcha
  9910 | Lair:1   | Entered Level 1 of the Lair of Beasts
 11537 | Lair:2   | Noticed a four-headed hydra
 11562 | Lair:2   | Killed a four-headed hydra
 11870 | Lair:2   | Noticed a death yak
 11883 | Lair:2   | Killed a death yak
 11883 | Lair:2   | Reached skill level 12 in Maces & Flails
 11883 | Lair:2   | Reached skill level 10 in Armour
 11883 | Lair:2   | Reached skill level 10 in Shields
 11883 | Lair:2   | Reached XP level 12. HP: 77/77 MP: 12/12
 11887 | Lair:2   | Reached skill level 10 in Fighting
 12106 | Lair:2   | Reached *** piety under Trog
 12318 | Lair:2   | Identified a scroll of acquirement
 12601 | Lair:3   | Noticed a catoblepas
 12640 | Lair:3   | Slain by a catoblepas

Skill      XL: |  1  2  3  4  5  6  7  8  9 10 11 12 |
---------------+-------------------------------------+-----
Maces & Flails | 3 4 5 7 9 10 12 | 12.4
Fighting       | 4 5 6 7 8 9 10 | 10.2
Armour         | 4 5 6 7 8 10 | 10.2
Shields        | 4 5 6 7 8 10 | 10.2

Action                   |  1- 3 |  4- 6 |  7- 9 | 10-12 || total
-------------------------+-------+-------+-------+-------++-------
Melee: Flail             |   129 |   252 |   770 |   343 ||  1494
       Quarterstaff      |       |       |       |   260 ||   260
Throw: Tomahawk          |       |       |       |     3 ||     3
Invok: Berserk           |       |       |       |    11 ||    11
       Trog's Hand       |       |       |       |     2 ||     2
  Use: Scroll            |     2 |     7 |    12 |    13 ||    34
       Potion            |       |     1 |     5 |     2 ||     8
 Stab: Petrified         |       |       |       |     2 ||     2
  Eat: Chunk             |       |     6 |    12 |    24 ||    42
       Ration            |       |       |     1 |     2 ||     3
Armor: Scale mail        |    59 |    69 |       |       ||   128
       Chain mail        |       |    68 |       |       ||    68
       Plate armour      |       |    28 |   545 |   491 ||  1064
Dodge: Dodged            |    33 |    67 |   161 |   201 ||   462
Block: Shield            |    74 |   142 |   471 |   184 ||   871
